Map: Echo of the past

Players

Tesla

  • Race: Protoss Protoss

TRaFFiC

  • Race: Zerg Zerg
  • League: Diamond

IIIllIlIlIIl - Winner!

  • Race: Terran Terran
  • League: Diamond

Dashti - Winner!

  • Race: Protoss Protoss

VOD

Have the link to the VOD?

Description

Echo of the past (128)

Time

  • Played on: Aug. 15, 2016, 7:47 p.m.
  • Length: 18:44
Show
View Real Time Build Order
Export as new Build Order

Tesla Protoss 

Build Orders:  

Get SALT Encoding   

  12  0:01  Probe (Chrono Boost)  
  13  0:11  Probe (Chrono Boost)  
  14  0:22  Probe (Chrono Boost)  
  14  0:24  Pylon  
  15  0:37  Assimilator  
  15  0:41  Assimilator  
  15  0:42  Probe (Chrono Boost)  
  16  0:53  Probe (Chrono Boost)  
  16  0:54  Gateway  
  17  1:03  Probe (Chrono Boost)  
  18  1:14  Probe (Chrono Boost)  
  19  1:20  Pylon  
  19  1:24  Probe (Chrono Boost)  
  20  1:35  Probe (Chrono Boost)  
  21  1:42  Cybernetics Core  
  21  1:45  Probe (Chrono Boost)  
  22  1:50  Pylon  
  22  1:56  Probe (Chrono Boost), Gateway  
  23  2:06  Probe (Chrono Boost)  
  24  2:14  Warp Gate  
  24  2:17  Gateway  
  26  2:24  Mothership Core (Chrono Boost)  
  26  2:27  Adept  
  28  2:43  Probe (Chrono Boost)  
  29  2:47  Adept  
  31  2:51  Adept  
  31  2:55  Probe (Chrono Boost)  
  34  3:12  Adept  
  36  3:15  Adept  
  36  3:18  Pylon  
  38  3:32  Pylon, Adept  
  38  3:39  Adept  
  42  3:42  Adept  
  42  3:43  Pylon  
  42  3:56  Adept  
  43  4:04  Probe (Chrono Boost)  
  43  4:12  Robotics Facility  
  43  4:13  Pylon  
  43  4:16  Pylon, Probe (Chrono Boost)  
  46  4:28  Probe (Chrono Boost)  
  45  4:31  Stalker x2  
  49  4:40  Stalker  
  49  4:43  Probe (Chrono Boost)  
  52  4:59  Stalker x2  
  56  5:04  Immortal  
  60  5:09  Probe (Chrono Boost)  
  61  5:26  Probe (Chrono Boost)  
  62  5:37  Nexus  
  62  5:41  Stalker  
  64  5:44  Stalker  
  66  5:51  Stalker  
  66  5:56  Probe (Chrono Boost)  
  69  6:04  Twilight Council  
  67  6:09  Stalker  
  68  6:15  Stalker  
  70  6:21  Observer  
  69  6:31  Blink  
  70  6:33  Probe (Chrono Boost), Stalker  
  70  6:34  Stalker  
  72  6:40  Pylon  
  72  6:53  Probe x2 (Chrono Boost)  
  74  7:05  Probe (Chrono Boost)  
  74  7:07  Stalker  
  77  7:09  Adept  
  77  7:11  Sentry  
  81  7:18  Observer  
  82  7:32  Gateway  
  82  7:35  Pylon  
  82  7:43  Assimilator  
  82  7:48  Pylon  
  82  8:04  Adept x2  
  86  8:13  Warp Prism  
  86  8:19  Resonating Glaives  
  88  8:21  Assimilator  
  88  8:23  Probe x2 (Chrono Boost)  
  57  8:57  Stalker x3  
  57  9:00  Immortal  
  58  9:06  Stalker  
  49  9:13  Probe (Chrono Boost)  
  41  9:24  Probe (Chrono Boost)  
  42  9:34  Probe (Chrono Boost)  
  44  9:58  Stargate  
  44  9:59  Stargate  
  40  10:02  Pylon, Stalker  
  42  10:18  Stalker  
  44  10:34  Probe (Chrono Boost)  
  45  10:46  Mothership Core (Chrono Boost)  
  47  11:04  Probe (Chrono Boost)  
  48  11:15  Probe (Chrono Boost)  
  50  11:25  Probe (Chrono Boost)  
  46  12:01  Phoenix  
  48  12:04  Nexus  
  27  13:08  Assimilator  
  21  14:20  Probe (Chrono Boost)  
  22  14:51  Probe (Chrono Boost)  
  23  15:01  Probe (Chrono Boost)  
  24  15:22  Sentry  
  27  15:28  Probe (Chrono Boost)  
  27  15:39  Probe (Chrono Boost)  
  28  15:49  Probe (Chrono Boost)  
  29  16:00  Probe (Chrono Boost)  
  30  16:10  Probe (Chrono Boost)  
  31  16:21  Probe (Chrono Boost)  
  32  16:31  Probe (Chrono Boost)  
  33  16:40  Stalker  
  33  16:42  Probe (Chrono Boost)  
  34  17:15  Stalker  
  34  17:16  Void Ray  
  38  17:26  Probe (Chrono Boost)  
  39  17:48  Mothership Core (Chrono Boost)  
  39  18:25  Probe (Chrono Boost)  
  36  18:39  Pylon  
  37  18:42  Assimilator  
Show
View Real Time Build Order
Export as new Build Order

TRaFFiC Zerg 

Build Orders: Hatch First 

Get SALT Encoding   

  12  0:02  Drone  
  13  0:15  Overlord  
  13  0:20  Drone  
  14  0:43  Drone  
  14  0:45  Drone  
  14  0:46  Drone  
  17  0:57  Hatchery  
  17  0:59  Drone  
  17  1:20  Drone x2  
  19  1:34  Drone  
  19  1:35  Extractor, Spawning Pool  
  18  1:41  Overlord  
  18  1:51  Drone  
  19  2:07  Drone  
  20  2:12  Drone  
  20  2:14  Drone  
  22  2:22  Queen x2  
  22  2:27  Roach Warren, Zergling x4  
  27  2:31  Zergling x2  
  27  2:34  Drone  
  26  2:50  Zergling x2  
  26  2:51  Zergling x2  
  25  3:06  Drone  
  25  3:07  Drone  
  25  3:08  Roach  
  25  3:09  Roach  
  30  3:15  Metabolic Boost  
  27  3:20  Roach  
  27  3:21  Roach  
  31  3:33  Overlord  
  31  3:35  Roach  
  31  3:37  Drone  
  34  3:45  Roach  
  32  3:51  Drone  
  32  3:52  Extractor  
  31  4:05  Drone x4  
  31  4:08  Ravager  
  36  4:13  Drone  
  36  4:14  Drone  
  30  4:29  Drone x3  
  33  4:37  Ravager  
  34  4:39  Roach  
  34  4:40  Zergling x2  
  37  4:49  Zergling x4  
  39  4:58  Queen  
  41  5:04  Zergling x4  
  43  5:08  Drone  
  43  5:19  Drone x2  
  43  5:23  Lair  
  37  5:39  Roach, Zergling x2  
  37  5:40  Roach  
  42  5:52  Drone  
  43  6:01  Overlord x3  
  43  6:06  Evolution Chamber  
  42  6:11  Drone  
  42  6:12  Drone  
  44  6:29  Ravager  
  44  6:30  Drone x6  
  51  6:37  Zerg Missile Weapons Level 1  
  51  6:59  Drone x8  
  59  7:18  Glial Reconstitution  
  59  7:24  Extractor, Overlord  
  59  7:25  Overlord x3  
  59  7:27  Overseer  
  59  7:29  Overseer  
  58  7:35  Hatchery, Roach  
  59  7:38  Drone x2  
  59  7:43  Drone x2  
  59  7:44  Overlord  
  65  7:51  Roach  
  65  7:54  Queen  
  67  8:17  Roach x7  
  81  8:23  Overlord  
  81  8:24  Extractor  
  80  8:38  Roach x5  
  90  8:42  Ravager  
  90  8:43  Ravager  
  92  8:54  Roach x4  
  100  9:05  Roach x3  
  106  9:13  Roach x4  
  112  9:25  Drone x2  
  112  9:31  Queen  
  112  9:38  Drone x3  
  113  9:46  Hydralisk Den  
  112  9:56  Overlord x3  
  112  9:57  Overlord x5  
  112  10:01  Spore Crawler  
  112  10:02  Spore Crawler  
  112  10:03  Spore Crawler x2  
  112  10:05  Spore Crawler  
  112  10:06  Spore Crawler  
  106  10:14  Overlord x2  
  103  10:19  Roach x4  
  111  10:24  Extractor  
  111  10:27  Extractor  
  109  10:31  Ravager x4  
  109  10:33  Roach  
  109  10:34  Roach x2  
  119  10:40  Zerg Missile Weapons Level 2  
  119  10:50  Roach x3  
  113  11:13  Roach x5  
  113  11:14  Roach x4  
  127  11:24  Roach  
  115  11:27  Queen  
  115  11:31  Roach x3  
  123  11:35  Hydralisk  
  125  11:48  Drone x5  
  130  12:06  Hydralisk  
  132  12:23  Hydralisk x2  
  120  12:49  Hydralisk Den  
  119  12:51  Drone x3  
  119  12:52  Drone x3  
  119  12:56  Roach x2  
  131  13:13  Roach x6  
  135  13:31  Drone x2  
  135  13:33  Extractor  
  128  13:35  Extractor  
  125  13:50  Hydralisk x3  
  127  13:59  Hatchery  
  127  14:01  Spawning Pool  
  124  14:05  Hatchery  
  105  14:27  Spawning Pool  
  93  14:43  Hatchery  
  90  14:53  Spore Crawler  
  90  14:54  Spore Crawler x3  
  90  14:58  Spore Crawler  
  51  15:19  Drone  
  52  15:28  Spore Crawler  
  51  15:30  Spore Crawler  
  51  15:32  Spore Crawler  
  49  15:39  Drone x6  
  57  15:47  Drone  
  57  15:48  Spore Crawler, Drone x2  
  45  16:18  Spore Crawler  
  45  16:22  Spore Crawler  
  43  16:25  Hatchery  
  43  16:27  Drone x3  
  36  17:20  Drone x2  
  36  17:21  Drone  
  40  17:22  Drone  
  40  17:23  Drone x2  
  40  17:29  Spawning Pool  
  41  17:46  Drone x2  
Show
View Real Time Build Order
Export as new Build Order

IIIllIlIlIIl Terran - Winner!

Build Orders: Reaper Expand, MMM Bio 

Get SALT Encoding   

  12  0:02  SCV  
  13  0:14  SCV  
  13  0:19  Supply Depot  
  14  0:41  Refinery  
  14  0:43  Barracks  
  14  0:49  Barracks  
  14  0:56  Refinery  
  14  1:13  Barracks  
  14  1:31  Reaper  
  15  1:36  Reaper  
  16  1:51  Supply Depot  
  17  2:01  Reaper  
  17  2:03  Reaper  
  17  2:08  Reaper  
  19  2:33  Reaper  
  19  2:35  Reaper  
  21  2:40  Reaper  
  22  3:05  Reaper  
  23  3:08  Reaper  
  24  3:25  Reaper  
  24  3:28  Orbital Command  
  24  3:37  Reaper  
  24  3:40  Reaper  
  26  3:57  Reaper  
  26  4:02  SCV  
  27  4:09  Reaper, Supply Depot  
  28  4:12  Reaper  
  28  4:14  SCV  
  30  4:29  Reaper  
  28  4:39  SCV  
  28  4:41  Reaper  
  28  4:44  Reaper  
  27  5:00  SCV  
  27  5:01  Reaper  
  27  5:05  Factory  
  20  5:43  Barracks Tech Lab x3  
  20  5:47  SCV  
  20  5:48  Command Center  
  21  5:52  Starport  
  21  5:53  Factory Reactor  
  21  5:59  SCV  
  22  6:14  Combat Shields  
  22  6:15  Stimpack  
  22  6:16  Marine x3  
  25  6:23  SCV  
  25  6:34  Marine x3  
  25  6:35  SCV  
  25  6:39  Factory Tech Lab  
  29  6:40  Medivac  
  31  6:47  SCV  
  32  6:57  Marine x3  
  35  7:03  Supply Depot  
  35  7:07  Medivac  
  37  7:15  Marine x3  
  39  7:22  Siege Tank  
  43  7:33  Marine  
  43  7:34  Marine x2  
  46  7:54  Siege Tank  
  48  8:01  Orbital Command  
  48  8:03  Medivac  
  50  8:05  Marine  
  50  8:06  Marine x2  
  53  8:18  SCV  
  54  8:22  Supply Depot  
  54  8:23  Marine x2  
  54  8:24  Marine  
  57  8:27  Siege Tank  
  48  9:36  Marine x3  
  48  9:37  Siege Tank  
  53  9:46  Medivac  
  53  9:51  Barracks  
  53  9:52  Barracks, Orbital Command  
  55  9:53  Barracks, Marine  
  55  9:54  Marine x2  
  58  10:00  SCV  
  58  10:06  Medivac  
  61  10:09  Siege Tank  
  61  10:11  Marine x2  
  61  10:12  SCV  
  67  10:16  Medivac  
  67  10:18  SCV  
  70  10:26  Bunker  
  70  10:46  Barracks Reactor x3  
  70  10:57  Refinery x2, SCV  
  70  10:58  SCV  
  70  11:00  Marine  
  70  11:01  Marine x2  
  68  11:09  SCV  
  68  11:11  SCV  
  39  11:22  SCV  
  39  11:23  SCV  
  41  11:33  Marine x9  
  41  11:34  SCV  
  51  11:45  SCV  
  52  11:51  Marine x6  
  58  12:07  Bunker  
  58  12:12  Bunker  
  58  12:15  Bunker  
  58  12:19  Supply Depot  
  58  12:21  SCV  
  59  12:26  SCV  
  48  12:33  SCV  
  41  12:40  Orbital Command  
  31  12:49  Marine x5  
  25  13:43  SCV x2  
  27  14:03  Marine x4  
  31  14:10  SCV  
  32  14:22  SCV  
  33  14:35  Siege Tank  
  28  15:31  Marauder x2  
  24  15:50  Marine  
  24  15:51  Marine x5  
  24  15:53  Marauder x2  
  34  16:26  Marine x5, Marauder x3  
  34  16:27  Marine  
  34  16:28  Siege Tank  
  34  16:29  Medivac x2  
  53  16:44  Marine x4  
  55  17:05  Marine, Marauder  
  55  17:31  Orbital Command  
  55  17:49  Marine  
  55  18:20  Supply Depot  
Show
View Real Time Build Order
Export as new Build Order

Dashti Protoss - Winner!

Build Orders: 1 Gate Expand 

Get SALT Encoding   

  12  0:03  Probe (Chrono Boost)  
  13  0:14  Probe (Chrono Boost)  
  14  0:26  Pylon  
  14  0:28  Probe (Chrono Boost)  
  15  0:45  Probe (Chrono Boost)  
  15  0:48  Gateway  
  16  1:10  Nexus  
  16  1:18  Probe (Chrono Boost)  
  17  1:24  Assimilator  
  17  1:28  Probe (Chrono Boost)  
  17  1:29  Assimilator  
  18  1:41  Cybernetics Core  
  18  1:49  Probe (Chrono Boost)  
  19  2:00  Probe (Chrono Boost)  
  20  2:10  Probe (Chrono Boost)  
  21  2:21  Probe (Chrono Boost)  
  22  2:30  Pylon  
  22  2:31  Probe (Chrono Boost)  
  22  2:34  Probe (Chrono Boost)  
  24  2:42  Probe (Chrono Boost)  
  25  2:44  Probe (Chrono Boost)  
  25  2:45  Stargate  
  26  2:52  Probe (Chrono Boost)  
  26  2:55  Probe (Chrono Boost)  
  28  3:03  Probe (Chrono Boost)  
  29  3:05  Stargate  
  29  3:11  Assimilator  
  29  3:13  Assimilator  
  29  3:24  Void Ray  
  33  3:38  Probe (Chrono Boost)  
  33  3:39  Probe (Chrono Boost)  
  35  3:48  Probe (Chrono Boost)  
  36  3:49  Pylon  
  36  3:51  Probe (Chrono Boost)  
  37  3:59  Probe (Chrono Boost)  
  39  4:03  Probe (Chrono Boost), Void Ray  
  39  4:04  Void Ray  
  39  4:09  Probe (Chrono Boost)  
  48  4:15  Probe (Chrono Boost)  
  49  4:20  Probe (Chrono Boost)  
  50  4:27  Probe (Chrono Boost)  
  50  4:30  Probe (Chrono Boost)  
  53  4:39  Probe (Chrono Boost)  
  53  4:41  Probe (Chrono Boost)  
  54  4:58  Pylon  
  54  5:01  Pylon  
  54  5:13  Void Ray  
  54  5:16  Void Ray  
  54  5:18  Probe (Chrono Boost)  
  59  6:09  Void Ray  
  55  6:14  Void Ray  
  59  6:46  Void Ray  
  59  6:56  Void Ray  
  59  7:10  Probe (Chrono Boost)  
  59  7:11  Probe (Chrono Boost)  
  62  7:23  Probe (Chrono Boost), Void Ray  
  65  7:33  Void Ray  
  69  7:50  Probe (Chrono Boost)  
  70  7:55  Gateway  
  70  7:57  Gateway  
  70  8:02  Gateway  
  70  8:04  Gateway  
  70  8:12  Pylon  
  70  8:14  Pylon  
  70  8:15  Pylon  
  70  8:24  Void Ray  
  70  8:26  Void Ray  
  70  8:32  Probe x2 (Chrono Boost)  
  79  8:44  Probe x2 (Chrono Boost)  
  74  8:56  Probe x2 (Chrono Boost)  
  74  9:02  Void Ray  
  74  9:03  Void Ray  
  82  9:39  Void Ray  
  82  9:41  Void Ray  
  90  10:16  Void Ray  
  94  10:29  Protoss Air Armor Level 1  
  93  12:21  Void Ray  
  93  12:27  Void Ray  
  91  13:14  Void Ray  
  78  14:43  Pylon  
  78  14:44  Pylon x2  
  64  15:19  Pylon  
  63  17:29  Nexus  
  63  17:48  Nexus  
  58  17:59  Nexus  
  49  18:25  Pylon  
  49  18:28  Pylon  
  49  18:30  Pylon  
  49  18:32  Pylon  
  49  18:37  Pylon  
  49  18:39  Pylon  
  49  18:42  Pylon  
Tags
 
Add a new tag
Caveats
  • Supply blocks, unpowered buildings, or Contaminate may cause inaccurate times.
  • Supply counts are checked every 10 seconds.